 Dungeon Crawl Stone Soup version 0.22.0-27-ga576289 (webtiles) character file.

4927 Monsterracer the Cleaver (level 10, -5/91 HPs)
             Began as a Minotaur Fire Elementalist on Aug 21, 2018.
             Slain by a guardian serpent (13 damage)
             ... on level 10 of the Dungeon.
             The game lasted 00:11:24 (10408 turns).

Monsterracer the Cleaver (MiFE)                    Turns: 10408, Time: 00:11:24

Health: -5/91      AC: 17    Str: 12 (14) XL:     10   Next: 27%
Magic:  11/11      EV:  7    Int: 12      God:    Xom [......]
Gold:   285        SH:  0    Dex: 14      Spells: 11/11 levels left

rFire    . . .     SeeInvis .   a - +1 war axe (chop)
rCold    . . .     Gourm    .   (no shield)
rNeg     . . .     Faith    .   q - +0 chain mail
rPois    .         Spirit   .   (helmet restricted)
rElec    .         Reflect  .   e - +1 cloak
rCorr    .         Harm     .   r - +0 pair of gloves
MR       .....                  B - +0 pair of boots
Stlth    ..........             (no amulet)
HPRegen  0.25/turn              n - +1 ring of protection
MPRegen  0.12/turn              v - +3 ring of dexterity

@: lethally poisoned (-5 -> -12), slowed, very slow
A: retaliatory headbutt, horns 2, deterioration 1, weak 1
a: Renounce Religion


You were on level 10 of the Dungeon.
You worshipped Xom.
You were a very special plaything of Xom.
You were not hungry.

You visited 2 branches of the dungeon, and saw 11 of its levels.
You also visited: Sewer.

You collected 443 gold pieces.
You spent 158 gold pieces at shops.

Inventory:

Hand Weapons
 a - a +1 war axe of chopping (weapon)
Armour
 e - a +1 cloak (worn)
 g - a +0 plate armour
 q - a +0 chain mail (worn)
 r - a +0 pair of gloves (worn)
 B - a +0 pair of boots (worn)
Jewellery
 n - a +1 ring of protection (left hand)
 v - a +3 ring of dexterity (right hand)
 x - an uncursed ring of fire
Wands
 d - a wand of acid (4)
 t - a wand of flame (14)
 y - a wand of digging (15)
 z - a wand of enslavement (17)
 G - a wand of paralysis (8)
Scrolls
 b - 4 scrolls of magic mapping {!r}
 f - 8 scrolls of remove curse
 i - a scroll of blinking
 l - 2 scrolls of teleportation
 p - a scroll of amnesia
 u - a scroll of identify
 E - 2 scrolls of enchant weapon
Potions
 h - 2 potions of might
 j - 5 potions of curing
 k - 2 potions of brilliance
 m - 5 potions of flight
 o - 3 potions of haste
 s - a potion of lignification
 w - a potion of ambrosia {!q}
 A - a potion of invisibility
 C - a potion of magic
 D - a potion of cancellation
 F - a potion of heal wounds
Comestibles
 c - 9 rations


   Skills:
 + Level 9.2 Fighting
 * Level 12.4 Axes
   Level 1.1(8.2) Polearms
 + Level 8.6 Armour
 - Level 2.1 Dodging
 - Level 1.5 Stealth
 - Level 1.3 Spellcasting
   Level 0.6 Conjurations
   Level 2.1 Fire Magic


You had 11 spell levels left.
You didn't know any spells.
Your spell library contained the following spells:

 Spells                   Type           Power        Failure   Level  Hunger
 Flame Tongue             Conj/Fire      #....        98%         1    ##.....
 Throw Flame              Conj/Fire      #.....       99%         2    ###....
 Animate Skeleton         Necr           N/A          100%        1    ##.....
 Confusing Touch          Hex            #.....       100%        1    ##.....
 Pain                     Necr           #...         100%        1    ##.....
 Confuse                  Hex            #.......     100%        3    ####...
 Conjure Flame            Conj/Fire      #.......     100%        3    ####...
 Gell's Gravitas          Tloc           #.........   100%        3    ####...
 Inner Flame              Hex/Fire       #.......     100%        3    ####...
 Regeneration             Chrm/Necr      #.........   100%        3    ####...
 Vampiric Draining        Necr           #.........   100%        3    ####...
 Animate Dead             Necr           N/A          100%        4    #####..
 Petrify                  Tmut/Erth      #.......     100%        4    #####..
 Sticky Flame             Conj/Fire      #.......     100%        4    #####..
 Fireball                 Conj/Fire      #.........   100%        5    ######.
 Metabolic Englaciation   Hex/Ice        #.........   100%        5    ######.
 Yara's Violent Unravell  Hex/Tmut       #.........   100%        5    ######.


Dungeon Overview and Level Annotations

Branches:
Dungeon (10/15)            Temple (1/1) D:7            Lair (0/6) D:10
    Orc: D:9-12

Altars:
Ashenzari
Cheibriados
Dithmenos
Elyvilon
Fedhas
Gozag
Hepliaklqana
Kikubaaqudgha
Makhleb
Nemelex Xobeh
Okawaru
Qazlal
Ru
Sif Muna
Trog
Uskayaw
Vehumet
Wu Jian
Xom
Yredelemnul
Zin
The Shining One

Shops:
D:4 [   D:5 (

Annotations:
D:4 2 transporters, MirrMurr's ghost, novice TrHu


Innate Abilities, Weirdness & Mutations

You reflexively headbutt those who attack you in melee.
You have a pair of horns on your head.
Your body sometimes deteriorates upon taking damage.
You are weak. (Str -2)


Message History

You headbutt the crocodile. You hit the crocodile.
The crocodile is moderately wounded.
The crocodile barely misses you.
Your chain mail prevents you from hitting the crocodile.
The crocodile is moderately wounded.
The crocodile bites you.
You take 1 damage, and have 76/91 hp.
You hit the crocodile but do no damage. You headbutt the crocodile.
The crocodile is heavily wounded.
Xom's power touches on a nearby monster.
Your yak evaporates and reforms as a guardian serpent!
You slash the crocodile! You headbutt the crocodile.
The crocodile is almost dead.
Your guardian serpent casts a spell at the crocodile.
The bolt of poison hits the crocodile.
The crocodile is poisoned.
The crocodile dies!
You see here a crocodile corpse.
No target in view!
No target in view!
The guardian serpent is no longer charmed.
The guardian serpent hits you! The guardian serpent barely misses you.
You take 9 damage, and have 68/91 hp.
A guardian serpent is nearby!
You are too injured to fight recklessly!
A guardian serpent is nearby!
Okay, then.
You closely miss the guardian serpent. You hit the plant.
The guardian serpent hits you but does no damage.
You hit the guardian serpent.
The guardian serpent is lightly wounded.
You hit the plant.
You destroy the plant!
The guardian serpent closely misses you.
A howler monkey comes into view.
You closely miss the guardian serpent.
The howler monkey howls!
You headbutt the guardian serpent.
The guardian serpent is lightly wounded.
Xom adds some personal touches to your environment.
You are now a very special plaything of Xom.
The guardian serpent hits you but does no damage.
The howler monkey hoots and howls with incredible vigour!
The guardian serpent hits you.
You hear a howl!
You hear a shout!
You hear a bellow!
You take 3 damage, and have 66/91 hp.
You hit the guardian serpent but do no damage.
The guardian serpent is lightly wounded.
The guardian serpent hits you but does no damage.
You hit the guardian serpent but do no damage.
The guardian serpent is lightly wounded.
The guardian serpent hits you.
You take 5 damage, and have 61/91 hp.
You closely miss the guardian serpent.
The guardian serpent is lightly wounded. "You have grown too confident for your meagre worth."
You feel weakened. The guardian serpent hits you!
The guardian serpent closely misses you.
You furiously retaliate!
You headbutt the guardian serpent!
You take 8 damage, and have 53/91 hp.
You hit the guardian serpent.
The guardian serpent is heavily wounded.
The guardian serpent hits you but does no damage.
You slash the guardian serpent!
The guardian serpent is severely wounded.
You closely miss the howler monkey.
The guardian serpent coils itself and waves its upper body at you.
You feel yourself slow down.
The howler monkey hoots and howls with incredible vigour!
You hear a shout!
You hear a bellow!
You hear a shout!
You barely miss the guardian serpent.
The guardian serpent is severely wounded.
You hit the howler monkey. The guardian serpent hits you!
The howler monkey barely misses you. The guardian serpent hits you!
* * * LOW HITPOINT WARNING * * *
The howler monkey hits you but does no damage.
You take 15 damage, and have 39/91 hp.
You closely miss the guardian serpent.
The guardian serpent is severely wounded.
You barely miss the howler monkey. The guardian serpent hits you.
* * * LOW HITPOINT WARNING * * *
The howler monkey hoots and howls with incredible vigour!
The guardian serpent casts a spell at you.
You resist with significant effort.
You hear a howl!
You hear a shout!
You hear a bellow! x2
You take 4 damage, and have 35/91 hp.
Unknown command.
You closely miss the guardian serpent.
Your headbutt misses the guardian serpent.
The guardian serpent is severely wounded.
You closely miss the howler monkey.
The guardian serpent coils itself and waves its upper body at you.
The bolt of poison hits you!
You are poisoned.
* * * LOW HITPOINT WARNING * * *
The howler monkey hits you but does no damage.
The guardian serpent hits you!
You die...
Xom cackles wildly!

#. ### ##.(...## ##
#.##.## ##.......## #
#####.....####.........###
.....P..P....'.........+..
##....P!..P.##.........###
##..♣...P.†.P###.......##
#..P..♣....PP.###.....##
......P...h._.####...##
P♣.....÷..@S...# ##+##
.....P♣._...._.# #.#######
P.♣...P>PP.♣...# #.#......
...P...♣♣..P♣..#
##.#.#####
.........♣..P..# #<...# #
#..............##.....# #
#.....P.P..P.....#....# .
#.......P.....#........ #
.♣P.......#####.#.### #


You could see a guardian serpent and a howler monkey.

Vanquished Creatures
  A two-headed ogre (D:9)
  A manticore (D:8)
  Psyche (D:8)
  A hornet (D:9)
  Prince Ribbit (D:9)
  A hippogriff (D:9)
  3 yaks (D:10)
  A basilisk (D:10)
  Duvessa (D:6)
  2 porcupines (D:10)
  2 ice beasts
  2 orc warriors (D:9)
  A sky beast (D:6)
  An ogre (D:9)
  A centaur (D:6)
  A crocodile (D:10)
  4 big kobolds
  4 bullfrogs
  Dowan (D:6)
  A scorpion (D:5)
  4 killer bees (D:7)
  A howler monkey (D:9)
  3 crimson imps
  A quasit (D:9)
  An orc priest (D:3)
  4 hounds
  4 iguanas
  4 orc wizards
  3 worker ants
  A hound skeleton (D:7)
  A worker ant zombie (D:6)
  12 adders
  2 river rats (Sewer)
  3 oozes (Sewer)
  An adder skeleton (D:9)
  4 worms
  A dart slug (D:3)
  7 leopard geckos
  38 orcs
  7 giant cockroaches
  4 goblins
  5 hobgoblins
  6 jackals
  4 quokkas
  4 ball pythons
  7 bats
  2 frilled lizards (D:3)
  17 kobolds
  A leopard gecko skeleton (D:2)
  A quokka zombie (D:7)
  13 rats
  A fungus (D:10)
  2 plants (D:10)
200 creatures vanquished.

Vanquished Creatures (collateral kills)
  A crocodile (D:10)
  A bullfrog (D:7)
  A plant (D:10)
3 creatures vanquished.

Vanquished Creatures (others)
  A porcupine (D:10)
  A crocodile (D:10)
  A scorpion (D:10)
  A bush (D:10)
  A fungus (D:10)
  A plant (D:10)
6 creatures vanquished.

Grand Total: 209 creatures vanquished

Notes
Turn   | Place    | Note
-------+----------+-------------------------------------------
     0 | D:1      | Monsterracer the Minotaur Fire Elementalist began the quest for the Orb.
     0 | D:1      | Reached XP level 1. HP: 14/14 MP: 1/1
    60 | D:1      | Reached skill level 1 in Fighting
   461 | D:1      | Found a shattered altar of Ashenzari.
   474 | D:1      | Reached XP level 2. HP: 24/24 MP: 3/3
   633 | D:1      | Reached skill level 1 in Polearms
   940 | D:2      | Reached skill level 1 in Axes
  1066 | D:2      | Found an iron altar of Okawaru.
  1198 | D:2      | Reached XP level 3. HP: 28/30 MP: 4/4
  1246 | D:2      | Reached skill level 2 in Axes
  1629 | D:3      | HP: 13/30 [jackal (3)]
  1859 | D:3      | Reached XP level 4. HP: 33/37 MP: 5/5
  1961 | D:3      | Reached skill level 3 in Axes
  2257 | D:3      | HP: 16/38 [orc priest/enchanted morningstar (6)]
  2262 | D:3      | Reached skill level 1 in Armour
  2262 | D:3      | HP: 8/38 [orc/hand axe (2)]
  2268 | D:3      | HP: 7/38 [orc/hand axe (1)]
  2271 | D:3      | HP: 3/38 [orc/hand axe (4)]
  2277 | D:3      | HP: 10/38 [orc/hand axe (1)]
  2734 | D:3      | Reached XP level 5. HP: 45/45 MP: 6/6
  2854 | D:4      | Found a glowing drain.
  2861 | D:4      | Reached skill level 4 in Axes
  2886 | Sewer    | Entered a sewer
  2941 | Sewer    | HP: 22/45 [poisoned by a kobold]
  2946 | Sewer    | HP: 15/45 [poisoned by a kobold]
  2951 | Sewer    | HP: 11/45 [poisoned by a kobold]
  2957 | Sewer    | HP: 7/45 [poisoned by a kobold]
  2964 | Sewer    | HP: 6/45 [poisoned by a kobold]
  2972 | Sewer    | HP: 5/45 [poisoned by a kobold]
  3465 | Sewer    | Reached skill level 5 in Axes
  3465 | Sewer    | Reached XP level 6. HP: 43/52 MP: 7/7
  3973 | D:4      | Noticed MirrMurr's ghost (novice TrHu)
  3974 | D:4      | Found a transporter.
  4126 | D:4      | Found a transporter.
  4454 | D:4      | Found Surepum's Antique Armour Shoppe.
  4600 | D:5      | Entered Level 5 of the Dungeon
  4631 | D:5      | Noticed an ice beast
  4645 | D:5      | HP: 24/53 [ice beast (7)]
  4650 | D:5      | HP: 23/53 [ice beast (2)]
  4901 | D:5      | Reached skill level 6 in Axes
  4907 | D:5      | Reached XP level 7. HP: 46/60 MP: 8/8
  4935 | D:5      | Found a shimmering altar of Xom.
  4990 | D:5      | Reached skill level 5 in Fighting
  5538 | D:5      | Reached skill level 7 in Axes
  5648 | D:5      | Found Weit Fio's Weapon Emporium.
  5656 | D:5      | Bought a +1 war axe of chopping for 158 gold pieces
  5973 | D:6      | Noticed Duvessa
  5975 | D:6      | Noticed Dowan
  5981 | D:6      | Killed Duvessa
  5981 | D:6      | Reached XP level 8. HP: 68/70 MP: 9/9
  5987 | D:6      | Killed Dowan
  5987 | D:6      | Reached skill level 8 in Axes
  6292 | D:6      | Reached skill level 5 in Armour
  6391 | D:7      | Found a staircase to the Ecumenical Temple.
  6436 | Temple   | Entered the Ecumenical Temple
  6667 | Temple   | Became a worshipper of Xom of Chaos
  6706 | D:7      | Reached skill level 9 in Axes
  6709 | D:7      | XOM: harmless Fire miscast
  6710 | D:7      | HP: 33/71 [killer bee (5)]
  6715 | D:7      | HP: 30/71 [poisoned by a killer bee]
  6722 | D:7      | HP: 30/71 [poisoned by a killer bee]
  6730 | D:7      | HP: 29/71 [poisoned by a killer bee]
  6957 | D:7      | XOM: harmless Summ miscast
  7168 | D:7      | XOM: summons 2 friendly demons
  7172 | D:7      | XOM: noise
  7392 | D:8      | Noticed Psyche
  7397 | D:8      | Killed Psyche
  7397 | D:8      | Reached XP level 9. HP: 73/79 MP: 10/10
  7647 | D:8      | XOM: harmless Tmut miscast
  7731 | D:8      | Found a stormy altar of Qazlal.
  7813 | D:8      | Noticed Erica
  7818 | D:8      | XOM: enchant monster (bad)
  7823 | D:8      | Noticed Erica
  7823 | D:8      | Erica changed into Erica the manticore
  7823 | D:8      | XOM: polymorph Erica -> Erica the manticore
  7830 | D:8      | HP: 39/79 [Erica the manticore (1)]
  7831 | D:8      | Killed Erica the manticore
  7831 | D:8      | Reached skill level 10 in Axes
  8204 | D:8      | XOM: give mutations
  8204 | D:8      | Gained mutation: Your body sometimes deteriorates upon taking damage. [Xom's mischief]
  8204 | D:8      | Gained mutation: You are weak. (Str -2) [Xom's mischief]
  8536 | D:9      | XOM: cast spell 'Summon Small Mammal'
  8537 | D:9      | XOM: potion effect (curing)
  8693 | D:9      | XOM: silly message
  8721 | D:9      | XOM: harmless Air miscast
  8730 | D:9      | Reached skill level 11 in Axes
  8736 | D:9      | XOM: divination: magic mapping
  8812 | D:9      | Paralysed by a hornet for 3 turns
  8812 | D:9      | Noticed Prince Ribbit
  8823 | D:9      | HP: 39/81 [Prince Ribbit (8)]
  8824 | D:9      | XOM: potion effect (curing)
  8828 | D:9      | Killed Prince Ribbit
  8828 | D:9      | HP: 28/82 [iguana (8)]
  8836 | D:9      | XOM: potion effect (curing)
  9141 | D:9      | XOM: confuse monster(s)
  9143 | D:9      | XOM: divination: magic mapping
  9145 | D:9      | HP: 33/82 [orc warrior/long sword (12)]
  9151 | D:9      | HP: 24/82 [poisoned by an orc]
  9159 | D:9      | HP: 24/82 [poisoned by an orc]
  9163 | D:9      | XOM: potion effect (curing)
  9478 | D:9      | XOM: smoke on damage
  9683 | D:9      | Noticed a two-headed ogre
  9686 | D:9      | XOM: butterfly on damage
  9690 | D:9      | XOM: cast spell 'Shadow Creatures'
  9707 | D:9      | HP: 22/82 [two-headed ogre/giant club (20)]
  9707 | D:9      | XOM: butterfly on damage
  9716 | D:9      | HP: 13/82 [two-headed ogre/giant club (3)]
  9717 | D:9      | HP: 1/82 [two-headed ogre/giant club (7)]
  9719 | D:9      | Killed a two-headed ogre
  9719 | D:9      | Reached skill level 12 in Axes
  9719 | D:9      | Reached XP level 10. HP: 2/90 MP: 11/11
  9754 | D:9      | XOM: harmless Hex miscast
 10213 | D:10     | Entered Level 10 of the Dungeon
 10309 | D:10     | Found a staircase to the Lair.
 10311 | D:10     | XOM: confuse monster(s)
 10328 | D:10     | XOM: fake destruction
 10331 | D:10     | XOM: destruction
 10367 | D:10     | XOM: enchant monster (good)
 10383 | D:10     | XOM: polymorph yak -> guardian serpent
 10400 | D:10     | XOM: scenery: create altars
 10403 | D:10     | XOM: stat loss: -1 Str (12/14)
 10406 | D:10     | HP: 39/91 [guardian serpent (7)]
 10408 | D:10     | HP: 8/91 [guardian serpent/bolt of poison (27)]
 10408 | D:10     | Slain by a guardian serpent

Skill      XL: |  1  2  3  4  5  6  7  8  9 10 |
---------------+-------------------------------+-----
Fighting       | 1 2 3 4 5 7 8 9 |  9.2
Polearms       | 1 |  1.1
Axes           | 1 2 3 5 6 7 9 12 | 12.4
Armour         | 1 2 3 4 6 8 |  8.6
Dodging        | |  2.1
Stealth        | |  1.5
Spellcasting   | |  1.3
Conjurations   | |  0.6
Fire Magic     | |  2.1

Action                   |  1- 3 |  4- 6 |  7- 9 | 10-12 || total
-------------------------+-------+-------+-------+-------++-------
Melee: Spear             |    29 |       |       |       ||    29
       Unarmed           |    16 |       |       |       ||    16
       Headbutt          |    14 |    28 |    51 |    11 ||   104
       Hand axe          |    80 |   234 |    73 |       ||   387
       War axe           |       |       |   215 |    60 ||   275
Evoke: Wand              |       |       |     8 |       ||     8
  Use: Scroll            |       |    12 |     7 |       ||    19
       Potion            |       |     7 |       |       ||     7
 Stab: Confused          |       |       |       |     3 ||     3
  Eat: Chunk             |     3 |     9 |    10 |     2 ||    24
       Ration            |       |       |     2 |       ||     2
Armor: Ring mail         |    57 |     6 |       |       ||    63
       Robe              |     3 |       |       |       ||     3
       Chain mail        |       |   102 |   228 |    22 ||   352
Dodge: Dodged            |    73 |    90 |   116 |    18 ||   297

Vault maps used:
D:1:      dpeg_arrival_court, evilmike_ruin_ashenzari
D:2:      okawaru_gym_becter
D:3:      cheibrodos_pilgrimage
D:4:      serial_shops, nicolae_shop_trees, portal_sewer_entry_f, first_ration,
          gammafunk_ghost_arena
D:5:      serial_shops, nicolae_shop_statue_plus, basic_altar
D:6:      uniq_duvessa
D:7:      temple_statues
D:8:      grunt_qazlal_clouds, uniq_erica, uniq_psyche
D:9:      uniq_prince_ribbit1
D:10:     minmay_lair_entry_grove, grunt_tengu_nest
Temple:   dpeg_three_leaves_temple
Sewer:    sewer_co_15_rooms
